Workbook

Sheet Calculadora
L3: Cenário 1 | N3: Cenário 2 | P3: Cenário 3
L4: Salário Bruto CLT | N4: Salário Bruto CLT | P4: Salário Bruto CLT
L5: 10000 | N5: 3000 | P5: 5000
L8: (informe o salario) | N8: (informe o salario) | P8: (informe o salario)
L9: Custo total para empresa | N9: Custo total para empresa | P9: Custo total para empresa
C10: Instruções | L10: ='Cálculo Detalhado'!N6 -> 14853.132 | N10: ='Cálculo Detalhado'!N7 -> 4848.732 | P10: ='Cálculo Detalhado'!N8 -> 7707.132
C13: - Você só precisa informar um valor: o Salário Bruto CLT da vaga, nas células destacadas com o fundo amarelo, aqui à direita;
L14: Cenário 1 | N14: Cenário 1 | P14: Cenário 1
C15: - Colocamos sugestões de salários para os prestadores de serviços calculando a diferença de custo para a empresa; | L15: Salário Bruto PJ | N15: Salário Bruto PJ | P15: Salário Bruto PJ
L16: =L5 -> 10000 | N16: =N5 -> 3000 | P16: =P5 -> 5000
C17: - Na aba de cálculo detalhado tem um link onde tem uma tabela de cargos e salários;
C19: - Alterando o valor em Salário Bruto PJ, calcula-se automaticamente o desconto em relação ao CLT; | L19: (informe o salario) | N19: (informe o salario) | P19: (informe o salario)
L20: Desconto em relação ao CLT | N20: Desconto em relação ao CLT | P20: Desconto em relação ao CLT
C21: - No custo total para a empresa do salário CLT, considera-se o Custo Mensal e Provisão. | L21: =L10-L16 -> 4853.132 | N21: =N10-N16 -> 1848.732 | P21: =P10-P16 -> 2707.132
C23: Premissas
C25: - Profissional e empregador enquadrados no Simples Nacional;
C27: - Inclui Vale-Refeição/Alimentação/Transporte, Previdência e planos de saúde. | J27: - Se quiser saber mais como foi calculado o salário CLT, acesse a aba "Cálculo Detalhado".

Sheet Cálculo Detalhado
B2: Folha de Pagamento
B3: folha
B4: Nome | C4: Custo Mensal | J4: Provisão
C5: Salário Bruto | D5: FGTS 8% | E5: Vale-Transporte R$ 4,40 | F5: Vale-Refeição R$ 15,00 | G5: INSS 9% | H5: Total Mensal | I5: Férias | J5: 13.o Salário | K5: FGTS | L5: INSS Patronal 20% | M5: Custo Total Provisão | N5: Total
B6: Cenário 1 | C6: =Calculadora!L5 -> 10000 | D6: =C6*0.08 -> 800 | E6: =21*8.8 -> 184.8 | F6: 330 | G6: =SUM(C6:F6)*0.09 -> 1018.332 | H6: =SUM(C6:G6) -> 12333.132 | I6: =(C6/12)*1.3333333 -> 1111.1111 | J6: =C6/12 -> 833.33333 | K6: =(I6+J6)*0.08 -> 155.55555 | L6: =SUM(I6:K6)*0.2 -> 419.99999 | M6: =I6+J6+K6+L6 -> 2520 | N6: =H6+M6 -> 14853.132
B7: Cenário 2 | C7: =Calculadora!N5 -> 3000 | D7: =C7*0.08 -> 240 | E7: =21*8.8 -> 184.8 | F7: 330 | G7: =SUM(C7:F7)*0.09 -> 337.932 | H7: =SUM(C7:G7) -> 4092.732 | I7: =(C7/12)*1.3333333 -> 333.33333 | J7: =C7/12 -> 250 | K7: =(I7+J7)*0.08 -> 46.666666 | L7: =SUM(I7:K7)*0.2 -> 126 | M7: =I7+J7+K7+L7 -> 755.99999 | N7: =H7+M7 -> 4848.732
B8: Cenário 3 | C8: =Calculadora!P5 -> 5000 | D8: =C8*0.08 -> 400 | E8: =21*8.8 -> 184.8 | F8: 330 | G8: =SUM(C8:F8)*0.09 -> 532.332 | H8: =SUM(C8:G8) -> 6447.132 | I8: =(C8/12)*1.3333333 -> 555.55554 | J8: =C8/12 -> 416.66667 | K8: =(I8+J8)*0.08 -> 77.777777 | L8: =SUM(I8:K8)*0.2 -> 210 | M8: =I8+J8+K8+L8 -> 1260 | N8: =H8+M8 -> 7707.132
B10: TOTAL | C10: =SUM(C6:C8) -> 18000 | D10: =SUM(D6:D8) -> 1440 | E10: =SUM(E6:E8) -> 554.4 | F10: =SUM(F6:F8) -> 990 | G10: =SUM(G6:G8) -> 1888.596 | H10: =SUM(H6:H8) -> 22872.996 | I10: =SUM(I6:I8) -> 2000 | J10: =SUM(J6:J8) -> 1500 | ... N10: =SUM(N6:N8) -> 27408.996 | O10: .
B16: Fonte: | C16: Tabela Cargos e Salários 2021 – Pesquisa Piso Salarial Profissões (salario.com.br)
